Cogmind - Beta 13 @@@ ROGUE MODE // 2024.03.07 @ 23:37:08 Player: Harpaggios Result: Destroyed by 8R-AWN with 8R-AWN's Boregun Performance ------------- Evolutions (0) 0 Regions Visited (3) 600 Robots Destroyed (27) 135 Value Destroyed (685) 685 Prototype IDs (2) 40 Alien Tech Used (0) 0 Bonus (0) 0 TOTAL SCORE: 1460 Bonus ------- None Cogmind --------- Core Integrity 0/250 Matter 266/300 Energy 115/125 System Corruption 1% Temperature Cool (0) Movement Walking (190) Ox1 Location -10/Exiles Parts ------- > --- POWER (1) -------- Light Ion Engine > --- PROPULSION (2) --- Aluminum Leg Aluminum Leg > --- UTILITY (2) ------ Large Storage Unit Sensor Array > --- WEAPON (2) ------- Medium Laser Light Assault Rifle > --- INVENTORY (15) --- Light Ion Engine Light Ion Engine Aluminum Leg Heat Sink Medium Storage Unit Medium Storage Unit Large Storage Unit Medium Matter Pod (100) Medium Matter Pod (17) Medium Laser Light Assault Rifle Light Assault Rifle Mining Claw Mining Claw Peak State ------------ > --- POWER ------------ Ion Engine > --- PROPULSION ------- Aluminum Leg Aluminum Leg > --- UTILITY ---------- Large Storage Unit Sensor Array > --- WEAPON ----------- Medium Laser Light Assault Rifle > --- INVENTORY -------- Small Storage Unit Medium Storage Unit Medium Storage Unit Large Storage Unit Medium Matter Pod Medium Matter Pod Medium Laser Grenade Launcher Mining Claw Mining Claw [Rating: 8] Favorites ----------- Power Ion Engine Engine Ion Engine Propulsion Aluminum Leg Leg Aluminum Leg Utility Small Storage Unit Device Sensor Array Storage Small Storage Unit Protection Backup Plating I Weapon Assault Rifle Energy Gun Medium Laser Ballistic Gun Assault Rifle Launcher Grenade Launcher Slashing Weapon Mining Claw Build | -11 -10 -10 -10 ------- Run | Yrd Mat Min Exi Slots Evolved . | . . . . Power . | . . . . Propulsion . | . . . . Utility . | . . . . Weapon . | . . . . Parts Attached 30 | 7 19 4 . Power 3 | 1 1 1 . Engine 3 | 1 1 1 . Core . | . . . . Reactor . | . . . . Propulsion 7 | 2 4 1 . Treads . | . . . . Leg 7 | 2 4 1 . Wheel . | . . . . Hover . | . . . . Flight . | . . . . Utility 6 | 1 5 . . Device 2 | . 2 . . Storage 3 | 1 2 . . Processor . | . . . . Hackware . | . . . . Protection 1 | . 1 . . Artifact . | . . . . Weapon 14 | 3 9 2 . Energy Gun 3 | 1 1 1 . Energy Cannon . | . . . . Ballistic Gun 7 | 2 5 . . Ballistic Cannon . | . . . . Launcher 3 | . 2 1 . Special Weapon . | . . . . Impact Weapon . | . . . . Slashing Weapon 1 | . 1 . . Piercing Weapon . | . . . . Special Melee Weapon . | . . . . Unidentified Prototypes . | . . . . Parts Lost 4 | . 1 3 . Power 1 | . . 1 . Propulsion 1 | . . 1 . Utility . | . . . . Weapon 2 | . 1 1 . Highest Loss Streak 2 | . 1 2 . To Critical Strikes . | . . . . Average Slot Usage (%) 96 | . 95 98 100 Engine 13 | . 14 13 14 Leg 27 | . 28 26 28 Device 6 | . 4 14 14 Storage 14 | . 14 14 14 Protection 4 | . 5 . . Energy Gun 8 | . 6 13 14 Ballistic Gun 19 | . 20 14 14 Naked Turns . | . . . . Heaviest Build 30 | 14 30 29 27 Greatest Support 20 | 20 20 20 20 Greatest Overweight (x) 4 | 4 1 2 1 Average Overweight (x) . | . . 1 1 Largest Inventory Capacity 15 | 8 15 15 15 Average Capacity 11 | 7 10 15 15 Most Carried 15 | 4 10 15 14 Average Carried 8 | 2 7 13 14 Final Capacity 15 | 8 15 15 15 Final Carried 14 | 2 10 14 14 Class Distribution -------------------- 100% | Mutant Dominant Class ---------------- Mutant | -10/Materials Mutant | -10/Mines Mutant | -10/Exiles Resources | -11 -10 -10 -10 ----------- Run | Yrd Mat Min Exi Matter Collected 932 | 216 569 147 . Remotely . | . . . . Salvage Created 842 | . 713 129 . Parts 41 | . 29 12 . Haulers Intercepted . | . . . . Recyclers Shooed 1 | . 1 . . Parts Field Recycled . | . . . . Retrieved Matter . | . . . . Parts Self-Destructed . | . . . . Prevented . | . . . . Kills | -11 -10 -10 -10 ------- Run | Yrd Mat Min Exi Combat Hostiles Destroyed 20 | . 13 7 . Melee 2 | . 2 . . Guns 16 | . 10 6 . AOE 2 | . 1 1 . Classes Destroyed 7 | . 6 1 . Worker 1 | . 1 . . Builder 1 | . 1 . . Recycler 1 | . 1 . . Mechanic 1 | . 1 . . Watcher 3 | . 3 . . Swarmer 5 | . . 5 . Grunt 15 | . 13 2 . Best Kill Streak 3 | . 3 3 . Combat Bots Only 3 | . 2 3 . Max Kills in Single Turn 2 | . 2 1 . Gunslinging . | . . . . Exploded 1 | . 1 1 . Melee 1 | . 1 . . Uniques/NPCs Destroyed . | . . . . Combat | -11 -10 -10 -10 -------- Run | Yrd Mat Min Exi Hostile Shots Fired 143 | . 93 47 3 Missed 37 | . 23 12 2 Damage Taken 1232 | . 832 383 17 Core 266 | . 146 103 17 Absorbed by Shields . | . . . . Core Remaining (%) 100 | 100 . . . Volleys Fired 86 | . 65 21 . Largest 2 | . 2 2 . Hottest 70 | . 70 70 . Shots Fired 168 | . 127 40 1 Gun 162 | . 123 38 1 Cannon . | . . . . Launcher 6 | . 4 2 . Special . | . . . . Kinetic 118 | . 99 19 . Thermal 44 | . 24 19 1 Explosive 6 | . 4 2 . Electromagnetic . | . . . . Robot Hit Streak 10 | . 10 5 . Robot Miss Streak 3 | . 3 3 1 Penetration Max . | . . . . Secondary Targets . | . . . . Shots Hit Robots 100 | . 78 22 . Core Hits 54 | . 43 11 . Critical Kills . | . . . . Critical Parts Destroyed . | . . . . Critical Strikes . | . . . . Melee Attacks 7 | . 7 . . Impact . | . . . . Slashing 7 | . 7 . . Piercing . | . . . . Sneak Attacks 1 | . 1 . . Combat Hostiles . | . . . . Follow-up Attacks . | . . . . Damage Inflicted 1703 | . 1344 359 . Guns 1229 | . 995 234 . Cannons . | . . . . Explosions 357 | . 232 125 . Melee 115 | . 115 . . Ramming 2 | . 2 . . Kinetic 880 | . 819 61 . Thermal 349 | . 176 173 . Explosive 357 | . 232 125 . Electromagnetic . | . . . . Impact . | . . . . Slashing 115 | . 115 . . Piercing . | . . . . Highest Corruption 1 | . 1 1 1 Average Corruption 1 | . 1 1 1 Corruption Purged . | . . . . Corruption Blocked . | . . . . Effects 8 | . 4 2 2 Message Errors 2 | . . 1 1 Matter Fused 1 | . 1 . . Energy Discharges 1 | . . 1 . Data Loss (minor) 3 | . 3 . . Misfires 1 | . . . 1 Overload Shots . | . . . . Overflow Damage 12 | . 8 4 . Projectiles . | . . . . Explosions 4 | . . 4 . Melee 8 | . 8 . . Knockbacks . | . . . . Impact . | . . . . Kinetic . | . . . . Secondary . | . . . . Self-Inflicted Damage 36 | . 18 18 . Shots 2 | . 1 1 . Rammed . | . . . . Targets Rammed 1 | . 1 . . Kicked 1 | . 1 . . Crushed . | . . . . Highest Temperature 192 | . 192 191 . Average Temperature 63 | . 58 70 . Received Heat Transfer 588 | . 489 99 . Siege Activations . | . . . . Robots Corrupted . | . . . . Combat Hostiles . | . . . . Parts Fried . | . . . . Impact Corruptions . | . . . . Robots Melted . | . . . . Combat Hostiles . | . . . . Parts Melted 3 | . 3 . . Heat Transferred 1036 | . 518 518 . Parts Sabotaged . | . . . . Parts Stolen . | . . . . Parts Stripped . | . . . . Power Chain Reactions . | . . . . Alert | -11 -10 -10 -10 ------- Run | Yrd Mat Min Exi Peak Influence 300 | . 300 218 . Initial 49 | . . 49 . Average 166 | . 177 157 . Maximum Alert Level 1 | . 1 1 . Low Security (%) 47 | 100 41 63 . Level 1 52 | . 58 36 . Level 2 . | . . . . Level 3 . | . . . . Level 4 . | . . . . Level 5 . | . . . . High Security . | . . . . Max Security . | . . . . Squads Dispatched 3 | . 3 . . Investigation . | . . . . Extermination . | . . . . Reinforcement 3 | . 3 . . Assault . | . . . . Garrison . | . . . . Intercept . | . . . . Searches Triggered . | . . . . Construction Impeded . | . . . . Haulers Reinforced . | . . . . Active Scanning Responses . | . . . . Cargo Convoy Interrupts . | . . . . Stealth | -11 -10 -10 -10 --------- Run | Yrd Mat Min Exi Distress Signals 3 | . 3 . . Communications Jammed . | . . . . Distress Signals . | . . . . Times Spotted 44 | . 28 8 8 Peak Tracking Total 3 | . 3 3 . Tactical Retreats 5 | . 4 1 . Traps | -11 -10 -10 -10 ------- Run | Yrd Mat Min Exi Traps Triggered 1 | . 1 . . Indirectly . | . . . . Trap Hack Attempts . | . . . . Triggered . | . . . . Disarmed . | . . . . Reprogrammed . | . . . . Reused . | . . . . Traps Extracted . | . . . . Installed . | . . . . Triggered . | . . . . Machines | -11 -10 -10 -10 ---------- Run | Yrd Mat Min Exi Machines Disabled 1 | . . . 1 Max in Single Turn 1 | . . . 1 Machines Repaired . | . . . . Machines Dismantled . | . . . . Machines Sabotaged . | . . . . Overloaded Fab Kills . | . . . . Hacking | -11 -10 -10 -10 --------- Run | Yrd Mat Min Exi Machines Accessed 7 | . 7 . . Terminals 6 | . 6 . . Fabricators . | . . . . Repair Stations . | . . . . Recycling Units 1 | . 1 . . Scanalyzers . | . . . . Garrison Access . | . . . . Total Hacks 26 | . 26 . . Successful 18 | . 18 . . Failed 8 | . 8 . . Catastrophic 1 | . 1 . . Database Lockouts . | . . . . Manual 3 | . 3 . . Terminals 22 | . 22 . . Fabricators . | . . . . Repair Stations . | . . . . Recycling Units 4 | . 4 . . Scanalyzers . | . . . . Garrison Access . | . . . . Terminal Hacks 15 | . 15 . . Record 4 | . 4 . . Prototype ID Bank 1 | . 1 . . Branch Access Points 1 | . 1 . . Terminal Index 1 | . 1 . . Alert Level 1 | . 1 . . Locate Traps 1 | . 1 . . Dispatch Records 2 | . 2 . . Patrol Status 1 | . 1 . . Zone Layout 3 | . 3 . . Fabricator Hacks . | . . . . Repair Station Hacks . | . . . . Recycling Unit Hacks 3 | . 3 . . Recycle Component 1 | . 1 . . Report Inventory 1 | . 1 . . Retrieve Matter 1 | . 1 . . Scanalyzer . | . . . . Garrison Access Hacks . | . . . . Unauthorized Hacks . | . . . . Terminals . | . . . . Fabricators . | . . . . Repair Stations . | . . . . Recycling Units . | . . . . Scanalyzers . | . . . . Garrison Access . | . . . . Data Cores Recovered . | . . . . Used . | . . . . Hacking Detections 6 | . 6 . . Full Trace Events . | . . . . Feedback Events . | . . . . Feedback Blocked . | . . . . Robot Schematics Acquired . | . . . . Robots Built . | . . . . Authchips . | . . . . Time . | . . . . Total Robot Build Rating . | . . . . Part Schematics Acquired . | . . . . Parts Built . | . . . . Authchips . | . . . . Time . | . . . . Total Part Build Rating . | . . . . Parts Repaired . | . . . . Time . | . . . . Parts Recycled 1 | . 1 . . Recycled Matter . | . . . . Retrieved Matter . | . . . . Retrieved Components . | . . . . Parts Scanalyzed . | . . . . Part Schematics Acquired . | . . . . Parts Damaged . | . . . . Bothacking | -11 -10 -10 -10 ------------ Run | Yrd Mat Min Exi Used RIF Installer . | . . . . Robots Hacked . | . . . . Non-combat . | . . . . Combat . | . . . . Robot Hacks Applied . | . . . . Relay Couplers Released . | . . . . Fabnet Peak Effective % . | . . . . Robots Rewired . | . . . . Allies Hacked . | . . . . Hacks Repelled . | . . . . Allies | -11 -10 -10 -10 -------- Run | Yrd Mat Min Exi Total Allies . | . . . . Largest Group . | . . . . Highest-Rated Group . | . . . . Highest-Rated Ally . | . . . . Total Orders . | . . . . Ally Attacks . | . . . . Total Damage . | . . . . Kills . | . . . . Allies Corrupted . | . . . . Allies Melted . | . . . . Intel | -11 -10 -10 -10 ------- Run | Yrd Mat Min Exi Robot Analysis Total . | . . . . Derelict Logs Recovered 1 | . . 1 . Drone Launches . | . . . . Drone Recoveries . | . . . . Exploration | -11 -10 -10 -10 ------------- Run | Yrd Mat Min Exi Turns Passed 1697 | 68 1259 292 78 Spaces Moved 868 | 43 679 105 41 Core 17 | 17 . . . Treads . | . . . . Legs 851 | 26 679 105 41 Wheels . | . . . . Hover . | . . . . Flight . | . . . . Fastest Speed 50 | 50 120 190 190 Average Speed 146 | 124 137 191 190 Slowest Speed 260 | 250 190 260 190 Overloaded Moves . | . . . . Propulsion Burnouts . | . . . . Robots Hopped . | . . . . Cave-ins Triggered . | . . . . Exploration Rate (%) 29 | 4 79 21 15 Regions Visited 3 Branch Regions 2 Pre-discovered Areas 1 | . . 1 . Known Exits Taken 1 | . 1 . . Unknown Exits Taken 2 | 1 . 1 . Scrap Searched . | . . . . Spaces Dug . | . . . . Terrain Destroyed 51 | . 37 14 . Melee . | . . . . Projectile . | . . . . AOE 51 | . 37 14 . Terrain Rammed . | . . . . Walls Destroyed . | . . . . Machines Disabled . | . . . . Actions | -11 -10 -10 -10 --------- Run | Yrd Mat Min Exi Total 1120 | 57 862 160 41 Wait 80 | . 58 22 . Move 865 | 42 678 104 41 Hop . | . . . . Pick Up 37 | 8 21 8 . Fast Attach 1 | . 1 . . Attach 15 | 6 6 3 . Detach 2 | . 2 . . Swap 14 | 1 12 1 . Drop 12 | . 11 1 . Fire 86 | . 65 21 . Melee 7 | . 7 . . Ram . | . . . . Kick 1 | . 1 . . Crush . | . . . . Escape Stasis . | . . . . Rewire . | . . . . Trap . | . . . . Miscellaneous . | . . . . Route ------- -11/Scrapyard -10/Materials (discovered 4 exits: [*Mat x3] / *Min) -10/Mines -10/Exiles History --------- Turn | Location | Event 21 | -11/Scrapyard | Discovered new exit (range 15) 69 | -11/Scrapyard | Entered Materials 315 | -10/Materials | Build established: Mutant 520 | -10/Materials | Discovered new exit (range 8) 605 | -10/Materials | Discovered new exit (range 10) 670 | -10/Materials | Core integrity fell below 50% 810 | -10/Materials | Identified exit to Mines 836 | -10/Materials | Discovered new exit (range 16) 969 | -10/Materials | Discovered new exit (range 15) 1328 | -10/Materials | Entered Mines 1461 | -10/Mines | Core integrity fell below 20% 1610 | -10/Mines | Deemed a non-threat by the Exiles lab entrance 1612 | -10/Mines | Discovered new exit (range 5) 1620 | -10/Mines | Entered Exiles 1668 | -10/Exiles | Met 8R-AWN 1698 | -10/Exiles | Attacked by the Exiles 1698 | -10/Exiles | Destroyed by 8R-AWN with 8R-AWN's Boregun Last Messages --------------- 01588_ System corrupted: Energy discharge (-33). 01610_ "No threat detected, you may enter." 01612_ EXIT=FOUND LOCATION=UNKNOWN GOAL=ESCAPE 01632_ TURMA|A3V8KND,1ZY>JB&7 8R-AWN: Oh you look... interesting. The Exiles will probably want to check you out. Keep your grabby things to yourself, though. I've got my sensors on you. 01698_ System corrupted: FCS attempts to trigger Med. Laser. 01698_ System corrupted: Med. Laser misfires. 01698_ EXILES: Hostile robot within lab perimeter. Defensive protocols time, folks! 01698_ Machine disabled. 01698_ HV Slug penetrates Machine. 01698_ Machine disabled. 01698_ HV Slug penetrates Wall. 01698_ Penetrated by HV Slug. Map ----- +----------------------------------------------------+ | ?????????????????????????????????????????????????? | | ?????????????????????????????????????????????????? | | ?????????????????????????????????????????????????? | | ?????????????????????????????????????????????????? | | ?????????????????????????????????????????????????? | | ?????????????????????????????????????????????????? | | ?????????????????????????????????????????????????? | | ?????????????????????????????????????????????????? | | ?????????????????????????????????????????????????? | | ?????????????????????????????????????????????????? | | ?????????????????????????????????????????????????? | | ?????????????????????????????????????????????????? | | ?????????????????????????????????????????????????? | | ?????????????????????????????????????????????????? | | ?????????????????????????????????????????????????? | | ?????????????????????????????????????????????????? | | ????????????? ????????????????#####??????????????? | | ????????????? ??????????????##" #??????????????# | | ???????????? ????????????#" g #?????????????## | | ???????????? ??????????## ##????????????# | | ???????????? ???????### ###????????### | | ??????????? ?????# ########## | | ??????????? ???## #""""## | | ?????????? ### * | | ?????????? ## * | | ?????????? @ #### | | ?????????? ""#?#"""""#### | | ?????????? #"""##?#######??#### | | ??????????? ######??????????????##### | | ??????????? #????????????????????????## | | ???????????? #??????????????????????????? | | ????????????" a aaaa""???????????????????????????? | | ???????????? a a "????????????????????????????? | | ?????????????"""""""?????????????????????????????? | | ??????????????#####??????????????????????????????? | | ?????????????????????????????????????????????????? | | ?????????????????????????????????????????????????? | | ?????????????????????????????????????????????????? | | ?????????????????????????????????????????????????? | | ?????????????????????????????????????????????????? | | ?????????????????????????????????????????????????? | | ?????????????????????????????????????????????????? | | ?????????????????????????????????????????????????? | | ?????????????????????????????????????????????????? | | ?????????????????????????????????????????????????? | | ?????????????????????????????????????????????????? | | ?????????????????????????????????????????????????? | | ?????????????????????????????????????????????????? | | ?????????????????????????????????????????????????? | | ?????????????????????????????????????????????????? | +----------------------------------------------------+ Best States ------------- Heat Dissipation 25 Energy Generation 10 Energy Capacity 250 Matter Stores 300 Matter Capacity 300 Sight Range 16 Robot Scan Range 14 Terrain Scan Density 10 ECM Strength 1 Armor Coverage 80 Evasion (%) 55 Item Schematics ----------------- None Robot Schematics ------------------ None Fabricated ------------ Nothing Alien Tech Used ----------------- None Achievements -------------- None Challenges ------------ None Game ------ Seed BehemothFortressDevice Manual? 0 Play Time 00:28:12 Cumulative 8.1 hours Start 2024.03.07 @ 22:49:38 End 2024.03.07 @ 23:37:08 Sessions 3 Manual Loads 0 Difficulty Rogue Special Mode None Game No. 14 Rogue 14 Adventurer 0 Explorer 0 Win Type - Total 0 Types 0/0/0/0/0/0/0/0/0 Lore% 10 Gallery% 12 Achievement% 11 Wizard Run 0 Options --------- Layout 1 ASCII 0 Keyboard 0 Movement Mouse Keybinds 0 Fullscreen 1 Font 24/Smallcaps Map View 50x35 Zoom Use 0% Tactical HUD 1 Map Filters NONE Filters NONE Steam 1 RUN: c078a700-99a6-4be9-beec-20466ee033f1